[Event "European Blitz-ch 2018"]
[Site "Skopje"]
[Date "2018.12.06"]
[Round "9"]
[White "Markoja, Boris"]
[Black "Bizopoulos, Alexandros"]
[Result "1-0"]
[ECO "A52"]
[WhiteElo "2430"]
[BlackElo "2060"]
[Annotator "RC"]
[PlyCount "67"]
[EventDate "2018.12.06"]
[EventType "swiss"]
[EventCountry "MKD"]
[TimeControl "180+2"]

1. d4 Nf6 2. c4 e5 3. dxe5 Ng4 4. Nf3 Nc6 5. Nc3 Ngxe5 6. e3 Bb4 7. Bd2 O-O 8. Be2 d6 9. O-O Re8 10. a3 Bxc3 11. Bxc3 Nxf3+ 12. Bxf3 Ne5 13. Be2 Qh4 14. Qd4 Qxd4 15. Bxd4 Bg4 16. f3 Be6 17. Rac1 Nc6 18. Bc3 Rad8 19. Kf2 d5 20. cxd5 Bxd5 21. b4 Nb8 22. b5 c6 23. a4 Nd7 24. Bd4 cxb5 25. axb5 b6 26. Rc7 Nc5 27. Rxa7 Ra8 28. Rfa1 Rxa7 29. Rxa7 Nb3 30. Bxb6 Rb8 31. Bc7 Rc8 32. b6 Nc5 33. e4 Bb7 34. Bd6 1-0

[Event "European Blitz-ch 2018"]
[Site "Skopje"]
[Date "2018.12.06"]
[Round "9"]
[White "Papasimakopoulos, Alexandros"]
[Black "Saraci, Nderim"]
[Result "1-0"]
[ECO "E85"]
[WhiteElo "2191"]
[BlackElo "2382"]
[PlyCount "98"]
[EventDate "2018.12.06"]
[EventType "swiss"]
[EventCountry "MKD"]
[TimeControl "180+2"]

1. d4 Nf6 2. c4 g6 3. f3 Bg7 4. e4 d6 5. Nc3 O-O 6. Be3 e5 7. Nge2 Re8 8. d5 c6 9. Qd2 cxd5 10. cxd5 a6 11. g4 b5 12. Ng3 Nfd7 13. h4 b4 14. Nd1 Nc5 15. Qxb4 Nbd7 16. Qd2 a5 17. Nc3 Ba6 18. h5 Bxf1 19. Nxf1 a4 20. hxg6 fxg6 21. Qh2 Nf8 22. Bxc5 dxc5 23. Nd2 Qb6 24. O-O-O Reb8 25. Ndb1 c4 26. Rd2 Qc5 27. g5 a3 28. bxa3 Rxa3 29. Rc2 Raa8 30. Qf2 Qa5 31. Rb2 Nd7 32. Qh2 Nc5 33. Rxb8+ Rxb8 34. Qxh7+ Kf7 35. Qh3 Qb4 36. Rh2 Rh8 37. Qg2 Nd3+ 38. Kd1 Nf4 39. Qb2 Qxb2 40. Rxb2 Rh1+ 41. Kd2 Rh2+ 42. Ne2 Rxe2+ 43. Kc3 Re3+ 44. Kxc4 Rxf3 45. Rb7+ Kg8 46. Nc3 Rf1 47. a4 Ra1 48. d6 Ne6 49. Re7 Nxg5 1-0